Map: Overgrown Facility

Players

Ekelpack

  • Race: Zerg Zerg
  • Spawn Location: 3:00

Nyck

  • Race: Terran Terran
  • League: Silver
  • Spawn Location: 1:00

Lexus

  • Race: Terran Terran
  • League: Platinum
  • Spawn Location: 7:00

РыцарьРейха

  • Race: Protoss Protoss
  • Spawn Location: 9:00

VOD

Have the link to the VOD?

Description

Time

  • Played on: Oct. 23, 2024, 2:05 p.m.
  • Length: 16:06
Show
View Real Time Build Order
Export as new Build Order

Ekelpack Zerg 

Build Orders: Hatch First 

Get SALT Encoding   

  12  0:00  Drone  
  13  0:13  Overlord  
  13  0:18  Drone  
  14  0:32  Drone  
  15  0:48  Hatchery  
  14  0:51  Drone  
  15  1:08  Spawning Pool  
  14  1:12  Drone  
  15  1:22  Drone  
  15  1:23  Drone  
  15  1:25  Drone  
  18  1:39  Overlord  
  18  1:55  Queen, Zergling x2  
  18  2:00  Extractor  
  20  2:02  Drone, Extractor  
  20  2:10  Drone  
  20  2:11  Drone  
  22  2:17  Queen  
  22  2:20  Drone  
  25  2:29  Drone  
  26  2:32  Drone x2  
  28  2:47  Extractor  
  28  2:48  Drone  
  28  2:50  Drone x2  
  30  3:00  Lair  
  30  3:06  Metabolic Boost  
  30  3:09  Zergling x6  
  32  3:29  Drone  
  32  3:30  Drone x2  
  32  3:32  Extractor  
  34  3:40  Drone x2  
  36  3:42  Overlord  
  36  4:00  Overlord, Spire  
  35  4:05  Drone x2  
  37  4:13  Drone x2  
  39  4:17  Drone x2  
  41  4:25  Drone  
  42  4:55  Drone  
  42  4:56  Drone x3  
  46  5:03  Drone  
  47  5:12  Mutalisk x2  
  51  5:14  Overlord x2  
  51  5:16  Zerg Flyer Weapons Level 1  
  51  5:35  Mutalisk x4  
  58  5:45  Mutalisk x2  
  58  5:46  Mutalisk x2  
  58  5:47  Overlord  
  66  6:17  Mutalisk  
  66  6:18  Hatchery, Mutalisk x4  
  70  6:20  Overlord  
  75  6:38  Queen  
  77  6:52  Zergling x2  
  77  6:53  Zergling x12  
  82  6:59  Zergling x4  
  82  7:01  Overlord x2  
  81  7:16  Overlord  
  81  7:17  Overlord x3  
  65  7:40  Zergling x6  
  65  7:41  Zergling x4  
  62  7:58  Mutalisk x4  
  62  7:59  Mutalisk  
  72  8:09  Queen  
  72  8:10  Overlord x2  
  74  8:22  Extractor  
  74  8:24  Drone, Extractor  
  73  8:29  Overlord  
  73  8:35  Drone  
  74  8:41  Mutalisk x4  
  74  8:42  Mutalisk x2  
  74  8:44  Overlord  
  78  9:07  Zergling x14  
  78  9:08  Zergling x8  
  83  9:29  Drone  
  62  9:53  Overlord x3  
  62  9:54  Overlord  
  62  10:08  Overlord  
  62  10:15  Hatchery  
  59  10:34  Zergling x4, Mutalisk x2  
  59  10:35  Mutalisk x4  
  56  11:28  Hatchery  
  55  11:56  Spawning Pool  
  54  12:06  Overlord  
  54  12:07  Mutalisk x4  
  54  12:08  Mutalisk  
  45  12:56  Hatchery  
  38  13:24  Drone x2  
  38  13:25  Drone  
  39  14:09  Drone x2  
  35  14:44  Drone  
  35  14:45  Drone x2  
  24  14:53  Drone x3  
  27  15:11  Zergling x2  
  28  15:27  Drone  
  28  15:28  Drone, Overlord  
  28  15:44  Drone  
Show
View Real Time Build Order
Export as new Build Order

Nyck Terran 

Build Orders: Cyclone Opening 

Get SALT Encoding   

  12  0:00  SCV  
  13  0:12  SCV  
  14  0:18  Supply Depot  
  14  0:32  SCV, Refinery  
  15  0:42  Barracks  
  15  0:46  SCV  
  16  0:58  SCV  
  17  1:12  SCV  
  18  1:21  Supply Depot  
  18  1:29  Reaper  
  19  1:33  Orbital Command  
  19  1:40  Barracks  
  19  1:52  Factory  
  19  1:59  SCV  
  20  2:10  Reaper  
  20  2:11  SCV  
  22  2:23  SCV  
  23  2:35  SCV  
  24  2:40  Cyclone  
  26  2:49  SCV  
  27  2:55  Command Center  
  27  2:59  Barracks Tech Lab, Barracks Reactor  
  26  3:24  Marauder  
  26  3:26  SCV  
  29  3:32  Command Center  
  29  3:33  Cyclone  
  29  3:53  SCV  
  30  4:05  SCV  
  31  4:23  SCV, Cyclone, Marauder  
  36  4:24  Supply Depot  
  36  4:29  Refinery  
  36  4:34  Marine x2  
  38  4:39  Combat Shield  
  38  4:47  Supply Depot  
  38  4:56  SCV  
  39  5:04  Refinery  
  39  5:08  SCV  
  39  5:10  Supply Depot  
  39  5:11  Starport  
  40  5:14  Marine x2  
  40  5:20  SCV  
  42  5:46  Orbital Command  
  42  5:53  Orbital Command  
  42  5:54  SCV  
  43  6:01  Starport Tech Lab  
  43  6:02  Starport  
  43  6:03  Starport  
  43  6:07  SCV  
  44  6:15  Marauder  
  46  6:19  SCV  
  46  6:22  SCV  
  46  6:23  SCV  
  49  6:26  Marine x2  
  48  6:53  Command Center  
  37  7:01  SCV x2  
  35  7:13  SCV x2  
  34  7:25  SCV x2  
  34  7:26  Marine x3  
  39  7:32  Orbital Command  
  35  7:37  SCV x2  
  36  7:52  SCV x2  
  38  8:00  SCV  
  38  8:05  Orbital Command  
  39  8:06  Marine  
  39  8:08  SCV x2  
  39  8:09  Refinery  
  39  8:12  SCV  
  43  8:16  Refinery  
  43  8:19  Starport Tech Lab  
  43  8:20  Starport Tech Lab x2, SCV  
  43  8:21  SCV  
  43  8:22  Fusion Core  
  45  8:36  Armory  
  45  8:38  SCV x3, Armory  
  45  8:39  SCV  
  49  8:49  Refinery  
  49  8:50  SCV x3  
  49  8:51  SCV, Refinery  
  53  9:02  SCV x3  
  56  9:16  SCV  
  57  9:19  SCV  
  57  9:22  SCV  
  59  9:25  SCV  
  59  9:29  Battlecruiser x2  
  72  9:36  Battlecruiser  
  78  9:55  SCV x2  
  78  9:56  SCV x2  
  82  10:06  Starport  
  82  10:07  Terran Vehicle And Ship Armor Level 1  
  82  10:08  Terran Ship Weapons Level 1  
  82  10:12  SCV x4  
  86  10:24  SCV x4  
  82  10:36  SCV x2  
  81  10:48  SCV  
  81  10:49  SCV  
  83  10:50  Battlecruiser x2  
  95  11:03  Battlecruiser  
  101  11:08  SCV  
  101  11:09  SCV x3  
  105  11:20  Starport  
  105  11:22  Starport Reactor  
  105  11:23  Starport Tech Lab  
  97  11:25  Weapon Refit  
  105  11:33  Orbital Command, SCV x3  
  103  11:40  Command Center  
  94  11:58  Starport  
  94  12:00  SCV x2  
  94  12:01  SCV x2  
  98  12:05  Starport Tech Lab  
  98  12:06  Battlecruiser x2  
  96  12:39  Battlecruiser  
  96  12:43  SCV x3  
  96  12:44  SCV  
  106  12:47  Battlecruiser  
  112  12:54  Starport Tech Lab  
  112  12:55  SCV x2  
  112  12:56  SCV x2  
  107  13:23  SCV x3  
  110  13:29  Refinery  
  110  13:35  SCV x3  
  113  13:43  Battlecruiser x2  
  125  14:04  Command Center  
  125  14:55  SCV  
  117  15:04  SCV  
  117  15:07  SCV  
  125  15:43  Command Center  
  125  15:49  SCV x2  
Show
View Real Time Build Order
Export as new Build Order

Lexus Terran 

Build Orders:  

Get SALT Encoding   

  12  0:02  SCV  
  13  0:14  SCV  
  14  0:23  Supply Depot  
  14  0:26  SCV  
  15  0:30  Refinery  
  15  0:47  Barracks  
  15  0:50  SCV  
  16  0:58  Refinery  
  16  1:02  SCV  
  17  1:14  SCV  
  18  1:26  SCV  
  19  1:33  Barracks Reactor  
  19  1:35  Supply Depot  
  19  1:38  SCV  
  20  1:50  Orbital Command  
  20  2:10  Reaper x2  
  20  2:15  Factory  
  22  2:26  SCV  
  23  2:30  Supply Depot  
  23  2:38  SCV  
  23  2:42  Marine x2  
  26  2:53  SCV  
  27  3:05  SCV  
  28  3:17  SCV  
  29  3:52  Factory Reactor  
  29  3:56  SCV  
  30  4:06  Command Center, Factory  
  30  4:09  SCV  
  31  4:11  Marine x2  
  33  4:23  Armory  
  33  4:29  Cyclone  
  33  4:30  Cyclone  
  37  4:53  Factory Tech Lab  
  39  5:07  Cyclone  
  39  5:10  Supply Depot  
  39  5:13  Cyclone  
  41  5:18  Siege Tank  
  42  5:43  Cyclone  
  42  5:44  Terran Vehicle Weapons Level 1  
  42  5:45  Cyclone  
  42  5:46  Hurricane Engines  
  42  5:49  Orbital Command  
  46  5:52  SCV  
  47  5:57  Cyclone  
  47  5:59  Marine  
  47  6:00  Marine  
  51  6:04  SCV  
  51  6:05  Engineering Bay  
  51  6:09  Supply Depot  
  52  6:15  Cyclone  
  52  6:16  SCV  
  52  6:17  Marine x2  
  57  6:28  SCV  
  57  6:32  Supply Depot, Cyclone  
  60  6:33  Cyclone  
  62  6:40  SCV  
  63  6:47  Cyclone  
  65  6:58  Missile Turret  
  65  7:02  Missile Turret  
  65  7:05  Cyclone x2  
  69  7:19  Cyclone  
  48  7:46  Cyclone x2  
  50  7:51  Cyclone  
  50  7:54  SCV, Hi-Sec Auto Tracking  
  50  7:55  SCV  
  52  8:04  Missile Turret x2  
  52  8:07  SCV x2  
  52  8:10  Missile Turret  
  54  8:17  Terran Vehicle And Ship Armor Level 1  
  54  8:18  Cyclone x2  
  54  8:19  SCV  
  59  8:23  Cyclone  
  61  8:28  SCV  
  61  8:31  SCV  
  61  8:33  Refinery  
  63  8:34  Refinery  
  63  8:40  SCV  
  64  8:50  Cyclone x2, Factory  
  68  9:21  Cyclone  
  68  9:22  Cyclone x2  
  66  9:53  Cyclone  
  66  9:59  SCV  
  70  10:00  SCV  
  70  10:03  Neosteel Armor  
  70  10:05  Command Center  
  70  10:09  Factory Reactor  
  70  10:11  SCV  
  70  10:12  SCV  
  70  10:13  Factory  
  72  10:25  Cyclone x2  
  72  10:26  Cyclone  
  76  10:50  Cyclone x2  
  78  10:57  Cyclone x2  
  78  10:58  Cyclone  
  84  11:08  Factory Tech Lab  
  72  11:22  Cyclone x2  
  72  11:27  Missile Turret x2  
  72  11:29  Cyclone  
  72  11:30  Cyclone x2  
  72  11:32  Missile Turret  
  78  11:34  Terran Vehicle Weapons Level 2  
  78  11:51  Cyclone  
  80  11:54  Cyclone x2  
  84  12:01  Cyclone  
  86  12:23  Cyclone x3  
  86  12:26  Cyclone x2  
  96  12:34  Cyclone  
  94  12:55  Thor  
  100  13:11  Missile Turret  
  100  13:13  Missile Turret  
  100  13:14  Missile Turret x4  
  100  13:36  Orbital Command  
  100  13:37  Thor  
  100  13:38  Cyclone x4  
  114  13:44  Supply Depot  
  114  13:50  Terran Vehicle And Ship Armor Level 2  
  114  14:06  Thor  
  114  14:07  Supply Depot  
  120  14:21  Cyclone x2  
  124  14:29  Cyclone x3  
  130  14:49  Cyclone  
  130  14:53  Cyclone  
  132  15:06  Thor  
  112  15:08  Cyclone  
  114  15:21  Thor  
  120  15:32  Refinery  
  120  15:35  Refinery, Missile Turret  
  120  15:38  Missile Turret x2  
  120  15:39  Missile Turret  
  120  15:42  Missile Turret x2  
  120  15:45  Missile Turret  
  120  15:46  Missile Turret  
Show
View Real Time Build Order
Export as new Build Order

РыцарьРейха Protoss 

Build Orders:  

Get SALT Encoding   

  12  0:01  Probe  
  13  0:17  Pylon  
  13  0:23  Probe  
  14  0:43  Gateway  
  14  0:44  Probe  
  15  0:56  Probe  
  16  1:07  Assimilator  
  16  1:08  Probe  
  17  1:13  Assimilator  
  17  1:20  Probe (Chrono Boost)  
  18  1:31  Probe (Chrono Boost)  
  19  1:36  Probe (Chrono Boost)  
  19  1:37  Assimilator  
  20  1:46  Cybernetics Core, Pylon  
  20  1:47  Pylon, Probe  
  21  1:50  Assimilator  
  21  1:55  Assimilator  
  21  1:59  Probe  
  22  2:23  Nexus  
  22  2:28  Probe  
  23  2:35  Stalker (Chrono Boost)  
  22  2:42  Pylon  
  24  2:47  Warp Gate  
  24  2:59  Forge  
  24  3:08  Pylon  
  24  3:12  Probe  
  25  3:26  Twilight Council  
  25  3:30  Robotics Facility  
  25  3:35  Pylon  
  25  3:39  Probe  
  25  3:41  Probe  
  27  3:44  Protoss Ground Weapons Level 1  
  27  3:51  Probe  
  27  3:53  Probe  
  29  4:03  Charge (Chrono Boost)  
  29  4:11  Probe (Chrono Boost)  
  30  4:21  Probe (Chrono Boost)  
  31  4:26  Probe (Chrono Boost)  
  31  4:28  Gateway  
  31  4:30  Gateway  
  32  4:37  Probe  
  33  4:41  Gateway  
  33  4:49  Probe  
  33  4:50  Gateway  
  34  4:53  Gateway  
  34  5:02  Warp Prism (Chrono Boost)  
  36  5:10  Shield Battery  
  36  5:28  Pylon  
  36  5:36  Immortal (Chrono Boost)  
  40  5:49  Photon Cannon  
  40  5:50  Shield Battery  
  40  6:04  Zealot x3  
  44  6:05  Zealot  
  48  6:17  Protoss Ground Weapons Level 2 (Chrono Boost)  
  48  6:29  Pylon  
  48  6:31  Pylon  
  48  6:43  Zealot  
  48  6:44  Zealot x5  
  52  7:07  Stalker x5  
  52  7:08  Stalker  
  46  7:30  Pylon  
  46  7:33  Pylon  
  46  7:38  Probe (Chrono Boost)  
  46  7:44  Assimilator  
  47  7:48  Assimilator  
  47  7:49  Probe (Chrono Boost)  
  47  7:50  Blink  
  47  7:51  Warp Prism, Pylon  
  48  7:53  Probe (Chrono Boost)  
  48  7:54  Pylon  
  48  7:57  Pylon  
  49  8:05  Probe  
  52  8:11  Shield Battery, Photon Cannon  
  52  8:15  Shield Battery  
  52  8:17  Probe  
  52  8:18  Photon Cannon  
  51  8:43  Stalker x3  
  51  8:44  Stalker x2  
  51  8:47  Stalker  
  59  9:07  Photon Cannon  
  59  9:09  Photon Cannon  
  59  9:10  Shield Battery  
  59  9:12  Shield Battery  
  59  9:37  Warp Prism  
  47  10:08  Probe  
  48  10:20  Probe  
  49  10:32  Probe  
  50  10:44  Probe (Chrono Boost)  
  51  10:56  Probe (Chrono Boost)  
  40  11:05  Probe (Chrono Boost)  
  40  11:07  Protoss Ground Weapons Level 3  
  40  11:11  Probe  
  41  11:15  Zealot x3  
  41  11:16  Zealot  
  41  11:18  Pylon  
  50  11:21  Pylon  
  50  11:23  Pylon  
  50  11:41  Stalker x3  
  50  11:42  Stalker x3  
  54  12:05  Zealot x3  
  54  12:06  Zealot x3  
  54  12:32  Zealot x5  
  54  12:33  Zealot  
  66  12:52  Gateway x2  
  66  12:55  Gateway  
  56  13:02  Stalker x3  
  56  13:03  Stalker x3  
  64  13:12  Nexus  
  64  13:14  Assimilator  
  64  13:16  Assimilator  
  52  13:24  Warp Prism  
  54  13:47  Photon Cannon  
  54  13:48  Photon Cannon  
  54  13:50  Photon Cannon  
  54  13:51  Photon Cannon  
  52  14:00  Stalker x2, Observer  
  52  14:01  Stalker x4  
  52  14:02  Stalker  
  65  14:18  Stalker, Observer  
  65  14:19  Stalker  
  70  14:28  Stalker x2  
  70  14:42  Stalker x2  
  74  15:02  Nexus  
Tags
 
Add a new tag
Caveats
  • Supply blocks, unpowered buildings, or Contaminate may cause inaccurate times.
  • Supply counts are checked every 10 seconds.